[Event "HUN-ch U8-U18 2019"]
[Site "Balatonlelle"]
[Date "2019.06.21"]
[Round "1.13"]
[White "Kaloczi, Kristof"]
[Black "Papp, Levente"]
[Result "0-1"]
[ECO "C06"]
[WhiteElo "2098"]
[BlackElo "2350"]
[Annotator "NA"]
[PlyCount "80"]
[EventDate "2019.06.21"]
[EventType "swiss"]
[EventCountry "HUN"]
[SourceTitle "playchess.com"]
[Source "ChessBase"]
[SourceQuality "1"]
[TimeControl "40/5400+30:1800+30"]

1. e4 e6 2. d4 d5 3. Nd2 Nf6 4. e5 Nfd7 5. Bd3 c5 6. c3 Nc6 7. Ne2 cxd4 8. cxd4 f6 9. exf6 Nxf6 10. Nf3 Bd6 11. O-O O-O 12. Bf4 Bxf4 13. Nxf4 Ne4 14. Qc1 Ng5 15. Nxg5 Qxg5 16. Bxh7+ Kxh7 {[%emt 0:00:05] C06: French Tarrasch: 3...Nf6 4 e5 Nfd7 5 Bd3 main lines} 17. Nxe6 Qf6 18. Nxf8+ Qxf8 19. Qg5 Qf5 20. Qh4+ Kg8 21. Rfe1 {[%emt 0:00:46] [#]} {Predecessor:} Bd7 $146 22. f3 Rf8 23. Rad1 Rf6 24. Rd2 (24. Qf2 {½-½ (40) Vachier Lagrave,M (2632)-Volkov,S (2633) Plovdiv 2008}) 24... Rh6 25. Qf2 Nb4 26. g4 Qf7 27. a3 Nc6 28. Qg3 Rf6 29. Kg2 Rf4 30. Red1 Ne7 31. h4 Ng6 32. h5 Rxf3 33. Qb8+ Nf8 34. Kg1 Bxg4 35. Rg2 Rh3 36. Rdd2 Bf3 37. Rh2 Qxh5 38. Rdf2 Qg5+ 39. Rhg2 Qc1+ 40. Rf1 Rh1+ 0-1

[Event "HUN-ch U8-U18 2019"]
[Site "Balatonlelle"]
[Date "2019.06.21"]
[Round "1.13"]
[White "Torok, Csaba"]
[Black "Daroczi, Donat"]
[Result "0-1"]
[ECO "C11"]
[WhiteElo "1579"]
[BlackElo "2050"]
[Annotator "NA"]
[PlyCount "48"]
[EventDate "2019.06.21"]
[EventType "swiss"]
[EventCountry "HUN"]
[SourceTitle "playchess.com"]
[Source "ChessBase"]
[SourceQuality "1"]
[TimeControl "40/5400+30:1800+30"]

1. e4 e6 2. d4 d5 3. Nc3 Nf6 4. e5 Nfd7 5. f4 c5 6. Nf3 Nc6 7. Be3 a6 8. Be2 b5 9. a3 Qb6 10. O-O cxd4 11. Bf2 Bc5 12. Na2 a5 13. Nc1 d3 14. Nxd3 Bxf2+ 15. Nxf2 Ba6 16. Kh1 O-O 17. Bd3 f6 18. exf6 Nxf6 19. Ng5 e5 20. fxe5 Nxe5 21. Bxh7+ Nxh7 22. Nxh7 Rxf2 23. Qxd5+ Kxh7 24. Qxa8 Bb7 0-1

[Event "HUN-ch U8-U18 2019"]
[Site "Balatonlelle"]
[Date "2019.06.21"]
[Round "1.14"]
[White "Vanczak, Tamas"]
[Black "Kovacs, Gabor Etele"]
[Result "1-0"]
[ECO "D00"]
[WhiteElo "2311"]
[BlackElo "2062"]
[Annotator "NA"]
[PlyCount "85"]
[EventDate "2019.06.21"]
[EventType "swiss"]
[EventCountry "HUN"]
[SourceTitle "playchess.com"]
[Source "ChessBase"]
[SourceQuality "1"]
[TimeControl "40/5400+30:1800+30"]

1. d4 d5 2. Bf4 Nf6 3. e3 c5 4. c3 Nc6 5. Nd2 Bg4 6. Qb3 Qd7 7. dxc5 e5 8. Bg3 Bxc5 $11 9. Ngf3 Bd6 10. Bb5 Qc7 11. c4 Bxf3 12. Nxf3 Qa5+ 13. Ke2 O-O 14. Rhd1 dxc4 15. Bxc4 Qc7 16. Rac1 Na5 17. Bxf7+ Qxf7 18. Qxf7+ Rxf7 19. Rxd6 e4 20. Ne5 Re7 21. b4 Nh5 22. Rd5 Nxg3+ 23. hxg3 Rae8 24. Rxa5 Rxe5 25. Rxe5 Rxe5 26. Rc8+ Kf7 27. Rc7+ Re7 28. Rxe7+ Kxe7 29. f3 Ke6 30. fxe4 b5 31. e5 Kxe5 32. Kd3 h5 33. e4 g5 34. a3 a6 35. Ke3 Ke6 36. Kd4 Kd6 37. e5+ Ke7 38. Kd5 Kd7 39. e6+ Ke8 40. Kd6 Kd8 41. g4 h4 42. e7+ Ke8 43. Ke6 1-0

[Event "HUN-ch U8-U18 2019"]
[Site "Balatonlelle"]
[Date "2019.06.21"]
[Round "1.14"]
[White "Pervai, Laszlo"]
[Black "Mathe, Gergely"]
[Result "1-0"]
[ECO "B24"]
[WhiteElo "2033"]
[BlackElo "1566"]
[Annotator "NA"]
[PlyCount "55"]
[EventDate "2019.06.21"]
[EventType "swiss"]
[EventCountry "HUN"]
[SourceTitle "playchess.com"]
[Source "ChessBase"]
[SourceQuality "1"]
[TimeControl "40/5400+30:1800+30"]

1. e4 c5 2. Nc3 Nc6 3. Bb5 g6 4. Bxc6 dxc6 5. f4 Nf6 6. Nf3 Bg7 7. O-O O-O 8. d3 b5 9. Qe1 b4 10. Ne2 a5 11. Qh4 h5 12. f5 gxf5 13. e5 Ng4 14. Qxh5 Qd5 15. Nf4 Qd8 16. h3 Nh6 17. Be3 Qb6 18. Ne6 Bxe6 19. Bxh6 Bxh6 20. Qxh6 f6 21. Ng5 c4+ 22. Kh1 fxg5 23. Qxe6+ Kg7 24. Qxe7+ Kg6 25. Qe6+ Kh5 26. Rxf5 Rxf5 27. Qxf5 Rh8 28. Qf3+ 1-0

[Event "HUN-ch U8-U18 2019"]
[Site "Balatonlelle"]
[Date "2019.06.21"]
[Round "1.15"]
[White "Miszler, Levente"]
[Black "Kokeny, Norbert Adrian"]
[Result "1/2-1/2"]
[ECO "A04"]
[WhiteElo "2041"]
[BlackElo "2268"]
[Annotator "NA"]
[PlyCount "102"]
[EventDate "2019.06.21"]
[EventType "swiss"]
[EventCountry "HUN"]
[SourceTitle "playchess.com"]
[Source "ChessBase"]
[SourceQuality "1"]
[TimeControl "40/5400+30:1800+30"]

1. Nf3 c5 2. c4 Nc6 3. g3 g6 4. Bg2 Bg7 5. O-O e6 6. Nc3 Nge7 7. d3 b6 8. Bf4 d6 9. Qc1 O-O 10. Bh6 Bb7 11. Bxg7 Kxg7 12. e4 Ne5 13. Qe3 N7c6 14. Ne1 Nd4 15. f4 Ng4 16. Qd2 Qd7 17. h3 Nf6 18. Nc2 e5 19. f5 h6 20. Ne3 g5 21. Qd1 Rg8 22. Ng4 Nxg4 23. Qxg4 f6 24. Qh5 Qf7 25. Qxf7+ Kxf7 26. Rf2 a6 27. Rc1 b5 28. b3 Rgb8 29. Rb2 Bc6 30. Ne2 bxc4 31. Nxd4 exd4 32. dxc4 Rb6 33. Kf2 a5 34. Ke2 a4 35. Kd3 axb3 36. axb3 Rab8 37. Rcb1 Bd7 38. Bf3 d5 39. cxd5 Ke7 40. Kd2 c4 41. Kc2 Rxb3 42. Rxb3 Rxb3 43. Rxb3 Ba4 44. Kb2 Bxb3 45. Be2 Kd6 46. Bd3 Kc5 47. Bc2 Bxc2 48. Kxc2 c3 49. Kd3 h5 50. g4 h4 51. Kc2 Kd6 1/2-1/2

[Event "HUN-ch U8-U18 2019"]
[Site "Balatonlelle"]
[Date "2019.06.21"]
[Round "1.15"]
[White "Magyar, Erik Ferenc"]
[Black "Bilku, Andras"]
[Result "1/2-1/2"]
[ECO "B13"]
[WhiteElo "1561"]
[BlackElo "1907"]
[Annotator "NA"]
[PlyCount "85"]
[EventDate "2019.06.21"]
[EventType "swiss"]
[EventCountry "HUN"]
[SourceTitle "playchess.com"]
[Source "ChessBase"]
[SourceQuality "1"]
[TimeControl "40/5400+30:1800+30"]

1. e4 c6 2. d4 d5 3. exd5 cxd5 4. Bd3 Nc6 5. c3 Qc7 6. Ne2 Nf6 7. Bf4 Qb6 8. Qb3 Qxb3 9. axb3 g6 10. Nd2 Bf5 11. Bxf5 gxf5 12. Nf3 e6 13. Ne5 Nxe5 14. Bxe5 Be7 15. Bxf6 Bxf6 16. f4 Rg8 17. Kf2 Kd7 18. Nc1 b6 19. Nd3 Kc7 20. Ne5 Bxe5 21. fxe5 Rg4 22. Rhe1 Kb7 23. Re3 Rag8 24. g3 h5 25. Rf3 h4 26. Rg1 h3 27. Rf4 a5 28. Rxg4 Rxg4 29. Rd1 Kc6 30. Kf3 Kb5 31. Ra1 Re4 32. Kf2 Kc6 33. Rg1 Kd7 34. Re1 Rg4 35. Re3 Ke7 36. Rf3 f6 37. exf6+ Kxf6 38. Rf4 e5 39. dxe5+ Kxe5 40. Ke3 b5 41. Kf3 b4 42. Ke3 bxc3 43. bxc3 1/2-1/2

[Event "HUN-ch U8-U18 2019"]
[Site "Balatonlelle"]
[Date "2019.06.21"]
[Round "1.16"]
[White "Vodila, Martin Botond"]
[Black "Barasits, Balint"]
[Result "1/2-1/2"]
[ECO "C26"]
[WhiteElo "2243"]
[BlackElo "2022"]
[Annotator "NA"]
[PlyCount "67"]
[EventDate "2019.06.21"]
[EventType "swiss"]
[EventCountry "HUN"]
[SourceTitle "playchess.com"]
[Source "ChessBase"]
[SourceQuality "1"]
[TimeControl "40/5400+30:1800+30"]

1. e4 e5 2. Nc3 Nf6 3. Bc4 Bb4 4. Nge2 O-O 5. O-O Nc6 6. d3 h6 7. h3 Na5 8. Be3 d6 9. a3 Nxc4 10. dxc4 Bxc3 11. Nxc3 Be6 12. Qd3 Qd7 13. Rad1 Qc6 14. Nd5 Bxd5 15. cxd5 Qd7 16. c4 a5 17. b3 Nh7 18. g4 f6 19. Kg2 Ng5 20. f3 h5 21. Qd2 hxg4 22. hxg4 Nxe4 23. fxe4 Qxg4+ 24. Kf2 Qxe4 25. Rg1 Kf7 26. Qe2 Qh4+ 27. Kf1 Rh8 28. a4 Rh5 29. Qg4 Qxg4 30. Rxg4 Rah8 31. Ke2 Rh2+ 32. Bf2 R8h3 33. Rdg1 g5 34. R4g3 1/2-1/2

[Event "HUN-ch U8-U18 2019"]
[Site "Balatonlelle"]
[Date "2019.06.21"]
[Round "1.16"]
[White "Kovacs, Patrik Zsolt"]
[Black "Petroczy, Zoltan"]
[Result "0-1"]
[ECO "E30"]
[WhiteElo "1903"]
[BlackElo "1517"]
[Annotator "NA"]
[PlyCount "90"]
[EventDate "2019.06.21"]
[EventType "swiss"]
[EventCountry "HUN"]
[SourceTitle "playchess.com"]
[Source "ChessBase"]
[SourceQuality "1"]
[TimeControl "40/5400+30:1800+30"]

1. d4 Nf6 2. c4 e6 3. Nc3 Bb4 4. Bg5 O-O 5. Nf3 c5 6. a3 Bxc3+ 7. bxc3 cxd4 8. cxd4 d5 9. e3 Nc6 10. Bd3 dxc4 11. Bxf6 Qa5+ 12. Qd2 cxd3 13. Bh4 b6 14. O-O Ba6 15. Rfd1 Qd5 16. Ne1 Na5 17. Rab1 Rac8 18. Nxd3 Nc4 19. Qe2 Qe4 20. Be7 Rfe8 21. Bb4 Nxa3 22. f3 Qg6 23. Rb2 Bxd3 24. Rxd3 Nc4 25. Rc2 a5 26. Be1 b5 27. Rb3 Qg5 28. Rbc3 a4 29. Bf2 Qe7 30. e4 Qb4 31. Qd3 Qb1+ 32. Rc1 Qxd3 33. Rxd3 b4 34. d5 Nb2 35. Rdd1 Nxd1 36. Rxd1 exd5 37. exd5 b3 38. Bd4 Red8 39. Bb2 Rc2 40. Ba3 b2 41. d6 Rc1 42. Rxc1 bxc1=Q+ 43. Bxc1 Rxd6 44. Kf2 Rd1 45. Bb2 Rd2+ 0-1

[Event "HUN-ch U8-U18 2019"]
[Site "Balatonlelle"]
[Date "2019.06.21"]
[Round "1.17"]
[White "Kresz, Adam"]
[Black "Udvardi, Zalan"]
[Result "1/2-1/2"]
[ECO "B33"]
[WhiteElo "1949"]
[BlackElo "2211"]
[Annotator "NA"]
[PlyCount "143"]
[EventDate "2019.06.21"]
[EventType "swiss"]
[EventCountry "HUN"]
[SourceTitle "playchess.com"]
[Source "ChessBase"]
[SourceQuality "1"]
[TimeControl "40/5400+30:1800+30"]

1. e4 c5 2. Nf3 Nc6 3. d4 cxd4 4. Nxd4 Nf6 5. Nc3 e5 6. Ndb5 d6 7. Bg5 a6 8. Na3 b5 9. Bxf6 gxf6 10. Nd5 Bg7 11. c3 Ne7 12. Nc2 Nxd5 13. Qxd5 Ra7 14. a4 Bb7 15. Qd3 bxa4 16. Ne3 Bc6 17. Be2 O-O 18. O-O Qa8 19. f3 Rd8 20. c4 Rb7 21. Nd1 Bh6 22. Ra3 Qa7+ 23. Kh1 Qc5 24. Qc2 Rdb8 25. Rc3 Bd7 26. Bd3 Rb4 27. Qe2 Qd4 28. Bc2 Be6 29. f4 Bxc4 30. Qg4+ Kf8 31. Rff3 Qd2 32. h3 Bxf4 33. g3 Be6 34. Qh5 Rxe4 35. Rf2 Re1+ 36. Kh2 Qd5 37. Rcf3 Bd2 38. Qxh7 Rb4 39. Qh8+ Ke7 40. Qxf6+ Kd7 41. Bf5 Rxd1 42. Qxf7+ Kc6 43. Bxe6 Qe4 44. Qa7 Kb5 45. Bf5 Qd4 46. Bd3+ Kc6 47. Qa8+ Kc5 48. Qc8+ Kb6 49. Qxa6+ Kc5 50. Rf7 Qd5 51. Qa7+ Rb6 52. Rc7+ Kd4 53. Qxb6+ Kxd3 54. Qa6+ Kd4 55. Qxa4+ Ke3 56. Qxd1 Kxf2 57. Qg1+ Ke2 58. Qg2+ Qxg2+ 59. Kxg2 e4 60. h4 Kd3 61. Re7 d5 62. g4 Bc1 63. b4 Ba3 64. g5 Bxb4 65. g6 Bxe7 66. g7 Bxh4 67. g8=Q d4 68. Qb3+ Kd2 69. Kf1 d3 70. Qb2+ Ke3 71. Qb6+ Kd2 72. Qb2+ 1/2-1/2

[Event "HUN-ch U8-U18 2019"]
[Site "Balatonlelle"]
[Date "2019.06.21"]
[Round "1.17"]
[White "Puskas, Mihaly"]
[Black "Tancsa, Tamas"]
[Result "0-1"]
[ECO "C59"]
[WhiteElo "1458"]
[BlackElo "2158"]
[Annotator "RC"]
[PlyCount "28"]
[EventDate "2019.06.21"]
[EventType "swiss"]
[EventCountry "HUN"]
[SourceTitle "playchess.com"]
[Source "ChessBase"]
[SourceQuality "1"]
[TimeControl "40/5400+30:1800+30"]

1. e4 e5 2. Nf3 Nc6 3. Bc4 Nf6 4. Ng5 d5 5. exd5 Na5 6. Bb5+ c6 7. dxc6 bxc6 8. Be2 h6 9. Nf3 e4 10. Ng1 Bc5 11. a3 Qd4 12. d3 Qxf2+ 13. Kd2 e3+ 14. Kc3 Nd5# {[%emt 0:00:02] Kd4} 0-1

[Event "HUN-ch U8-U18 2019"]
[Site "Balatonlelle"]
[Date "2019.06.21"]
[Round "1.18"]
[White "Bohus, Adam"]
[Black "Szabo, A. Martin"]
[Result "1-0"]
[ECO "B01"]
[WhiteElo "2196"]
[BlackElo "1946"]
[Annotator "NA"]
[PlyCount "29"]
[EventDate "2019.06.21"]
[EventType "swiss"]
[EventCountry "HUN"]
[SourceTitle "playchess.com"]
[Source "ChessBase"]
[SourceQuality "1"]
[TimeControl "40/5400+30:1800+30"]

1. e4 d5 2. exd5 Nf6 3. d4 Bg4 4. Nf3 Nxd5 5. c4 Nb6 6. c5 Nd5 7. Qb3 Bxf3 8. Qxb7 Ne3 9. gxf3 Nc2+ 10. Kd1 Nxa1 11. Bb5+ Nd7 12. Bxd7+ Qxd7 13. Qxa8+ Qd8 14. Qxd8+ Kxd8 15. b4 1-0

[Event "HUN-ch U8-U18 2019"]
[Site "Balatonlelle"]
[Date "2019.06.21"]
[Round "1.18"]
[White "Konyves, Almos"]
[Black "Zsaki, Akos"]
[Result "1-0"]
[ECO "A10"]
[WhiteElo "2125"]
[BlackElo "1432"]
[Annotator "NA"]
[PlyCount "67"]
[EventDate "2019.06.21"]
[EventType "swiss"]
[EventCountry "HUN"]
[SourceTitle "playchess.com"]
[Source "ChessBase"]
[SourceQuality "1"]
[TimeControl "40/5400+30:1800+30"]

1. c4 Nc6 2. Nc3 e5 3. g3 Bc5 4. Bg2 Nf6 5. e3 d6 6. Nge2 O-O 7. O-O Re8 8. d3 a5 9. a3 h6 10. Rb1 Bf5 11. Kh1 e4 12. d4 Bb6 13. b4 Bg4 14. h3 Bh5 15. Qc2 Qc8 16. Nf4 Bf3 17. Bxf3 exf3 18. Kh2 g5 19. Nfd5 Nxd5 20. Nxd5 Kg7 21. c5 dxc5 22. dxc5 Ba7 23. Bb2+ Ne5 24. Qe4 f6 25. Bxe5 Rxe5 26. Qxf3 Rf5 27. Qg2 Qd7 28. e4 Re5 29. f4 Re6 30. Rbd1 Qf7 31. fxg5 hxg5 32. e5 Rae8 33. Nxf6 R8e7 34. Nd5 1-0

[Event "HUN-ch U8-U18 2019"]
[Site "Balatonlelle"]
[Date "2019.06.21"]
[Round "1.19"]
[White "Pesti, Mate"]
[Black "Horvath, Balazs"]
[Result "0-1"]
[ECO "C77"]
[WhiteElo "1925"]
[BlackElo "2139"]
[Annotator "NA"]
[PlyCount "138"]
[EventDate "2019.06.21"]
[EventType "swiss"]
[EventCountry "HUN"]
[SourceTitle "playchess.com"]
[Source "ChessBase"]
[SourceQuality "1"]
[TimeControl "40/5400+30:1800+30"]

1. e4 e5 2. Nf3 Nc6 3. Bb5 a6 4. Ba4 Nf6 5. d4 exd4 6. O-O b5 7. e5 Ne4 8. Bb3 Nc5 9. Nxd4 Nxd4 10. Qxd4 Nxb3 11. axb3 Bb7 12. Nc3 c5 13. Qd3 Be7 14. Qg3 Rg8 15. Qd3 g6 16. Re1 Qb6 17. Nd5 Bxd5 18. Qxd5 Ra7 19. Be3 b4 20. c4 g5 21. f4 gxf4 22. Bxf4 Rg6 23. Rf1 Qe6 24. Be3 d6 25. Qxe6 Rxe6 26. exd6 Rxe3 27. dxe7 Rxb3 28. Rf2 a5 29. Ra4 Kxe7 30. h3 Kd6 31. Rd2+ Ke6 32. Kh2 Ra6 33. Rd5 Rxb2 34. Rxc5 Rc2 35. Rc8 b3 36. Rb8 b2 37. c5 Kd5 38. c6 Kxc6 39. Rf4 Rd2 40. Rxf7 a4 41. Rf6+ Kc7 42. Rxb2 Rxf6 43. Rxd2 a3 44. Kg3 Ra6 45. Ra2 Kb6 46. Kf4 Kc5 47. g4 Kb4 48. h4 Kb3 49. Ra1 Kb2 50. Re1 a2 51. h5 h6 52. g5 Ra4+ 53. Kf5 Ra5+ 54. Kg6 Ra6+ 55. Kf5 Ra5+ 56. Kg6 hxg5 57. h6 g4 58. h7 Ra6+ 59. Kg5 Ra8 60. Re2+ Kb3 61. Re3+ Kc4 62. Re1 g3 63. Kf4 g2 64. Ra1 Kb3 65. Rg1 a1=Q 66. Rxa1 Rxa1 67. h8=Q g1=Q 68. Qh3+ Kb4 69. Qd3 Qf1+ 0-1

[Event "HUN-ch U8-U18 2019"]
[Site "Balatonlelle"]
[Date "2019.06.21"]
[Round "1.19"]
[White "Gyurika, Roland"]
[Black "Tran, David"]
[Result "0-1"]
[ECO "C54"]
[WhiteElo "1414"]
[BlackElo "2078"]
[Annotator "NA"]
[PlyCount "54"]
[EventDate "2019.06.21"]
[EventType "swiss"]
[EventCountry "HUN"]
[SourceTitle "playchess.com"]
[Source "ChessBase"]
[SourceQuality "1"]
[TimeControl "40/5400+30:1800+30"]

1. e4 e5 2. Nf3 Nc6 3. d4 exd4 4. Bc4 Bc5 5. c3 Nf6 6. cxd4 Bb4+ 7. Bd2 Bxd2+ 8. Nbxd2 d5 9. exd5 Nxd5 10. O-O O-O 11. Re1 Nf6 12. Ne4 Bg4 13. Nxf6+ Qxf6 14. Be2 Bxf3 15. Bxf3 Nxd4 16. Bxb7 Rab8 17. Re4 Rfd8 18. Ba6 Rxb2 19. Qf1 Qg6 20. Bd3 f5 21. Re3 Qg5 22. Qe1 h6 23. Re8+ Kh7 24. Re3 Kg8 25. Rc1 Qf4 26. Rc4 Kh7 27. Qc1 Qxf2+ 0-1

[Event "HUN-ch U8-U18 2019"]
[Site "Balatonlelle"]
[Date "2019.06.21"]
[Round "1.20"]
[White "Acs, Marton"]
[Black "Birovecz, Ben Jordan"]
[Result "1-0"]
[ECO "D34"]
[WhiteElo "2138"]
[BlackElo "1912"]
[Annotator "NA"]
[PlyCount "85"]
[EventDate "2019.06.21"]
[EventType "swiss"]
[EventCountry "HUN"]
[SourceTitle "playchess.com"]
[Source "ChessBase"]
[SourceQuality "1"]
[TimeControl "40/5400+30:1800+30"]

1. Nf3 d5 2. g3 c5 3. Bg2 Nc6 4. d4 Nf6 5. O-O e6 6. c4 Be7 7. cxd5 exd5 8. dxc5 Bxc5 9. Nc3 O-O 10. Na4 Be7 11. Be3 Ne4 12. Rc1 Re8 13. Nd4 Nxd4 14. Bxd4 Bd7 15. Nc3 Bc6 16. e3 Qa5 17. Qg4 g6 18. a3 h5 19. Qe2 Rad8 20. b4 Nxc3 21. Rxc3 Qb5 22. Qxb5 Bxb5 23. Rfc1 a6 24. Bf1 Bxf1 25. Kxf1 Bd6 26. Bb6 Rd7 27. Rd3 Be5 28. Rcd1 Re6 29. Rxd5 Rxd5 30. Rxd5 Bb2 31. Rd8+ Kg7 32. Bd4+ Bxd4 33. exd4 Kf6 34. Rd7 Rb6 35. Ke2 Ke6 36. Rc7 Rb5 37. Kd3 Rb6 38. Kc4 Rb5 39. f4 f6 40. a4 Rb6 41. Kc5 Rd6 42. Rxb7 Rd5+ 43. Kc4 1-0

[Event "HUN-ch U8-U18 2019"]
[Site "Balatonlelle"]
[Date "2019.06.21"]
[Round "1.20"]
[White "Palczert, Matyas"]
[Black "Gergely, Daniel"]
[Result "1-0"]
[ECO "B31"]
[WhiteElo "2007"]
[BlackElo "1427"]
[Annotator "NA"]
[PlyCount "73"]
[EventDate "2019.06.21"]
[EventType "swiss"]
[EventCountry "HUN"]
[SourceTitle "playchess.com"]
[Source "ChessBase"]
[SourceQuality "1"]
[TimeControl "40/5400+30:1800+30"]

1. e4 c5 2. Nf3 Nc6 3. Bb5 g6 4. Bxc6 bxc6 5. O-O Bg7 6. c3 d5 7. exd5 cxd5 8. d4 cxd4 9. cxd4 Nf6 10. Nc3 O-O 11. Ne5 Ba6 12. Re1 Re8 13. Bg5 Rc8 14. Bxf6 exf6 15. Nf3 Rxe1+ 16. Qxe1 Bb7 17. Nd2 Qb6 18. Nb3 Bc6 19. Qd1 a5 20. Qd2 Rb8 21. Rb1 a4 22. Nc5 f5 23. b4 axb3 24. axb3 Ra8 25. b4 Ra3 26. b5 Bb7 27. h3 Qa7 28. b6 Qa5 29. Nxb7 Qxc3 30. Qxc3 Rxc3 31. Nd6 Bf8 32. Ne8 Rc8 33. Nf6+ Kg7 34. b7 Rb8 35. Nd7 Bd6 36. Nxb8 Bxb8 37. Ra1 1-0

[Event "HUN-ch U8-U18 2019"]
[Site "Balatonlelle"]
[Date "2019.06.21"]
[Round "1.21"]
[White "Hatala, Csaba Laszlo"]
[Black "Pogany, Zsombor"]
[Result "0-1"]
[ECO "B03"]
[WhiteElo "1958"]
[BlackElo "2121"]
[Annotator "NA"]
[PlyCount "64"]
[EventDate "2019.06.21"]
[EventType "swiss"]
[EventCountry "HUN"]
[SourceTitle "playchess.com"]
[Source "ChessBase"]
[SourceQuality "1"]
[TimeControl "40/5400+30:1800+30"]

1. e4 Nf6 2. e5 Nd5 3. d4 d6 4. exd6 cxd6 5. Nf3 g6 6. c4 Nb6 7. Nc3 Bg7 8. Be3 O-O 9. Bd3 Bg4 10. h3 Bxf3 11. Qxf3 Nc6 12. O-O Qd7 13. c5 dxc5 14. dxc5 Ne5 15. Qe2 Qxd3 16. cxb6 axb6 17. Qxd3 Nxd3 18. Rab1 b5 19. a3 Rfd8 20. Nxb5 Nxb2 21. Bd4 Bxd4 22. Nxd4 Nc4 23. Nf3 Rd7 24. Rb4 Nxa3 25. Ra1 Ra6 26. Rb3 Nc4 27. Rc1 Nd6 28. Ne5 Rd8 29. Rc7 Kf8 30. Nc4 Ra1+ 31. Kh2 Rc1 32. Rd3 Rb8 0-1

[Event "HUN-ch U8-U18 2019"]
[Site "Balatonlelle"]
[Date "2019.06.21"]
[Round "1.21"]
[White "Szarka, Tibor"]
[Black "Kolimar, Kristof Pal"]
[Result "0-1"]
[ECO "B42"]
[WhiteElo "1379"]
[BlackElo "1979"]
[Annotator "NA"]
[PlyCount "74"]
[EventDate "2019.06.21"]
[EventType "swiss"]
[EventCountry "HUN"]
[SourceTitle "playchess.com"]
[Source "ChessBase"]
[SourceQuality "1"]
[TimeControl "40/5400+30:1800+30"]

1. e4 c5 2. Nf3 e6 3. d4 cxd4 4. Nxd4 a6 5. Bd3 Qb6 6. Nf3 Qc7 7. O-O d6 8. Qe2 Nf6 9. c4 Nbd7 10. b3 Be7 11. Bb2 O-O 12. Nc3 b6 13. Rae1 Bb7 14. Nd2 Rac8 15. f4 Rfd8 16. Rf3 Nc5 17. Bb1 Bf8 18. Rh3 Ncd7 19. Nd1 g6 20. Qf2 Bg7 21. f5 Ng4 22. Qe2 Nge5 23. fxe6 fxe6 24. Nf3 Nxf3+ 25. Rxf3 Bxb2 26. Qxb2 Ne5 27. Rf4 b5 28. cxb5 axb5 29. Nf2 Rf8 30. Rxf8+ Rxf8 31. Qc1 Qb6 32. Qd2 b4 33. Rf1 Ba6 34. Rc1 Ng4 35. Rc2 Rxf2 36. Qxf2 Nxf2 37. Rxf2 Qe3 0-1

[Event "HUN-ch U8-U18 2019"]
[Site "Balatonlelle"]
[Date "2019.06.21"]
[Round "1.22"]
[White "Varga, Marcell"]
[Black "Monduk, Ferenc"]
[Result "1-0"]
[ECO "A16"]
[WhiteElo "2106"]
[BlackElo "1717"]
[Annotator "NA"]
[PlyCount "59"]
[EventDate "2019.06.21"]
[EventType "swiss"]
[EventCountry "HUN"]
[SourceTitle "playchess.com"]
[Source "ChessBase"]
[SourceQuality "1"]
[TimeControl "40/5400+30:1800+30"]

1. c4 Nf6 2. Nc3 g6 3. g3 Bg7 4. Bg2 O-O 5. d4 d6 6. e4 e5 7. d5 Nbd7 8. Nge2 a5 9. O-O Nc5 10. Rb1 Nh5 11. a3 a4 12. Be3 Bd7 13. Nb5 f5 14. Nec3 f4 15. Bxc5 dxc5 16. Nxa4 fxg3 17. hxg3 Qg5 18. Nxc5 Bg4 19. Ne6 Bxe6 20. dxe6 Rad8 21. Qb3 c5 22. Rbd1 Qe7 23. Bh3 Nf6 24. Qe3 Ne8 25. Rxd8 Qxd8 26. Qxc5 Bf6 27. Qd5 Qe7 28. Rd1 Bg5 29. Qxe5 Bf6 30. Rd7 1-0

[Event "HUN-ch U8-U18 2019"]
[Site "Balatonlelle"]
[Date "2019.06.21"]
[Round "1.22"]
[White "Bodrogi, Bendeguz"]
[Black "Apro, Barnabas"]
[Result "1-0"]
[ECO "A20"]
[WhiteElo "1925"]
[BlackElo "1361"]
[Annotator "NA"]
[PlyCount "100"]
[EventDate "2019.06.21"]
[EventType "swiss"]
[EventCountry "HUN"]
[SourceTitle "playchess.com"]
[Source "ChessBase"]
[SourceQuality "1"]
[TimeControl "40/5400+30:1800+30"]

1. c4 e5 2. g3 Nc6 3. Bg2 Nf6 4. Nc3 Bc5 5. e3 a6 6. Nge2 d6 7. O-O h6 8. d4 exd4 9. Nxd4 Ne5 10. b3 O-O 11. Bb2 Re8 12. Nd5 Nxd5 13. cxd5 Bd7 14. Qc2 Rc8 15. Rac1 Qf6 16. Qe2 Bxd4 17. Bxd4 Bb5 18. Rc4 Qe7 19. Qc2 Nxc4 20. bxc4 Bd7 21. a4 c5 22. Bc3 b5 23. axb5 axb5 24. Qb2 bxc4 25. Bxg7 Rb8 26. Qc3 Qg5 27. Bf6 Qg4 28. e4 Qe2 29. Bh8 Re5 30. Bxe5 Rb3 31. Qa5 dxe5 32. Qd8+ Kg7 33. Qxd7 c3 34. Qe7 c2 35. Qxe5+ Kg8 36. d6 Qb5 37. Qe7 Rb1 38. d7 Rxf1+ 39. Bxf1 Qxd7 40. Qxd7 c1=Q 41. Qd5 Qa3 42. Bc4 Qa7 43. e5 Kg7 44. e6 fxe6 45. Qe5+ Kh7 46. Qxe6 Qa1+ 47. Kg2 Qa8+ 48. Qd5 Qf8 49. Qf7+ Qg7 50. Qxg7+ Kxg7 1-0

[Event "HUN-ch U8-U18 2019"]
[Site "Balatonlelle"]
[Date "2019.06.21"]
[Round "1.23"]
[White "Kovacs, Judit"]
[Black "Szabo, Andrea Erzsebet"]
[Result "1/2-1/2"]
[ECO "D35"]
[WhiteElo "2025"]
[BlackElo "1582"]
[Annotator "NA"]
[PlyCount "38"]
[EventDate "2019.06.21"]
[EventType "swiss"]
[EventCountry "HUN"]
[SourceTitle "playchess.com"]
[Source "ChessBase"]
[SourceQuality "1"]
[TimeControl "40/5400+30:1800+30"]

1. d4 d5 2. c4 e6 3. Nc3 Nf6 4. cxd5 Nxd5 5. e4 Nxc3 6. bxc3 c6 7. Nf3 Qa5 8. Bd2 Nd7 9. Bc4 b5 10. Bb3 Bb7 11. O-O Qc7 12. d5 cxd5 13. exd5 e5 14. d6 Qxd6 15. Ng5 Bd5 16. Nxf7 Kxf7 17. Qf3+ Nf6 18. Bg5 Qe6 19. Qe2 a6 1/2-1/2

[Event "HUN-ch U8-U18 2019"]
[Site "Balatonlelle"]
[Date "2019.06.21"]
[Round "1.23"]
[White "Makay, Mark Janos"]
[Black "Magold, Filip"]
[Result "0-1"]
[ECO "B42"]
[WhiteElo "1354"]
[BlackElo "1906"]
[Annotator "NA"]
[PlyCount "130"]
[EventDate "2019.06.21"]
[EventType "swiss"]
[EventCountry "HUN"]
[SourceTitle "playchess.com"]
[Source "ChessBase"]
[SourceQuality "1"]
[TimeControl "40/5400+30:1800+30"]

1. e4 c5 2. Nf3 e6 3. d4 cxd4 4. Nxd4 a6 5. Bd3 Qc7 6. c4 Nf6 7. Nc3 d6 8. O-O Nbd7 9. Be3 Be7 10. f3 b6 11. Qd2 Bb7 12. b3 O-O 13. Rac1 Rac8 14. Rfd1 Rfd8 15. Be2 Qb8 16. Bf1 Re8 17. Qf2 Bd8 18. Nde2 Bc7 19. g4 h6 20. Ng3 Qa8 21. Bg2 d5 22. cxd5 exd5 23. exd5 Nxd5 24. Nxd5 Bxd5 25. Nf5 Ne5 26. Rxd5 Qxd5 27. f4 Qd7 28. fxe5 Bxe5 29. Rf1 b5 30. Qh4 Rc2 31. g5 Qd3 32. gxh6 g6 33. h7+ Kh8 34. Nh6 Qxe3+ 35. Kh1 Rc7 36. Nxf7+ Rxf7 37. Rxf7 Rc8 38. Rf1 Bg7 39. Bh3 Re8 40. Bg2 Qd2 41. a4 b4 42. Qc4 Qd6 43. Qd5 Qb6 44. Qc6 Qxc6 45. Bxc6 Re3 46. Rf3 Re1+ 47. Kg2 Kxh7 48. Rf1 Re5 49. Kg3 Rc5 50. Bb7 a5 51. Rf3 Be5+ 52. Kh3 Rc2 53. Rf7+ Kh6 54. Bg2 Kg5 55. Rf3 Rc8 56. Bf1 Rh8+ 57. Kg2 Rxh2+ 58. Kg1 Rd2 59. Rd3 Rb2 60. Rd5 Kf4 61. Rxa5 Bd4+ 62. Kh1 Be3 63. Ra8 Kg3 64. Rh8 Rb1 65. Rf8 Bf2 0-1